 Dungeon Crawl Stone Soup version 0.22-a0-346-ga714374 (webtiles) character file.

87 grindst0ne the Sneak (level 4, -2/27 HPs)
             Began as an Octopode Earth Elementalist on Apr 6, 2018.
             Slain by an orc priest (5 damage)
             ... on level 3 of the Dungeon.
             The game lasted 00:04:36 (1727 turns).

grindst0ne the Sneak (Octopode Earth Elementalist)  Turns: 1727, Time: 00:04:37

Health: -2/27      AC:  1    Str:  7    XL:     4   Next: 51%
Magic:  7/7        EV: 11    Int: 17    God:
Gold:   163        SH:  8    Dex: 13    Spells: 1/7 levels left

rFire    . . .     SeeInvis .   j - +2 dagger (holy)
rCold    . . .     Gourm    .   r - +2 shield
rNeg     . . .     Faith    .   (helmet restricted)
rPois    .         Spirit   .   (no amulet)
rElec    .         Reflect  .   (no ring)
rCorr    .         Harm     .   (no ring)
MR       .....                  (no ring)
Stlth    ++++......             (no ring)
HPRegen  0.09/turn              (no ring)
MPRegen  0.10/turn              (no ring)
                                (no ring)
                                (no ring)

@: no status effects
A: almost no armour, stealthy swim, amphibious, 8 rings, constrict 8, camouflage
1, gelatinous body 1
a: no special abilities


You were on level 3 of the Dungeon.
You were not hungry.

You visited 1 branch of the dungeon, and saw 3 of its levels.

You collected 163 gold pieces.

Inventory:

Hand Weapons
 j - a +2 dagger of holy wrath (weapon)
Missiles
 b - 3 stones (quivered)
Armour
 r - a +2 shield (worn)
Scrolls
 e - 2 scrolls of identify {unknown}
 i - a scroll of blinking {unknown}
 k - 2 scrolls of remove curse {unknown}
 l - a scroll of fog {unknown}
 n - a scroll of fear {unknown}
 o - a scroll of teleportation {unknown}
 q - a scroll of amnesia {unknown}
Potions
 f - 2 potions of curing {unknown}
 g - 2 potions of berserk rage {unknown}
 h - 2 potions of might {unknown}
 m - a potion of agility {unknown}
 p - a potion of haste {unknown}
Comestibles
 c - 3 rations
 d - 2 chunks of flesh


   Skills:
 - Level 3.0 Dodging
 - Level 4.2 Stealth
 * Level 0.4 Shields
 - Level 2.0 Spellcasting
 - Level 1.0 Transmutations
 + Level 3.8 Earth Magic


You had one spell level left.
You knew the following spells:

 Your Spells              Type           Power        Failure   Level  Hunger
a - Sandblast             Erth           ##....       26%         1    #......
b - Passwall              Tmut/Erth      #.........   56%         2    ###....
c - Stone Arrow           Conj/Erth      #.....       86%         3    ###....


Dungeon Overview and Level Annotations

Branches:
Dungeon (3/15)

Altars:
Kikubaaqudgha


Innate Abilities, Weirdness & Mutations

You cannot wear most types of armour.
You are very stealthy in the water. (Stealth+)
You are amphibious.
You can wear up to eight rings at the same time.
You can use your tentacles to constrict eight enemies at once.
Your skin changes colour to match your surroundings (Stealth+).
Your rubbery body absorbs attacks. (AC +1, EV +1)


Message History

You feel much better. The quokka barely misses you.
The orc priest closely misses you.
You hit the orc priest. You grab the orc priest.
The orc priest is lightly wounded.
You constrict the orc priest. The quokka bites you.
The orc priest mumbles some strange prayers to Beogh against you.
Beogh smites you!
Ouch! That really hurt!
* * * LOW HITPOINT WARNING * * *
You block the quokka's attack.
Your shield prevents you from hitting the orc priest.
The orc priest is moderately wounded.
You constrict the orc priest. The quokka barely misses you.
You block the orc priest's attack.
You hit the orc priest. You squeeze the orc priest.
The orc priest is heavily wounded.
You constrict the orc priest. The quokka bites you.
* * * LOW HITPOINT WARNING * * *
The orc priest hits you.
You die...

.# .# .### ...
###############.#
.....^.........#######.#.##
...............o@r.........
##############o####.##.#.##
#(# #.# ........)# #.#
.........# #.# .........#
#.# oo.......# #.#
o..h.....# #.# .........#


You could see an orc priest, an orc and a quokka.

Vanquished Creatures
  2 adders
  A worm (D:3)
  A dart slug (D:2)
  A leopard gecko (D:2)
  7 orcs (D:3)
  A ball python (D:1)
  A giant cockroach (D:2)
  9 goblins
  6 hobgoblins
  9 jackals
  2 kobolds (D:1)
  2 quokkas
  A bat (D:2)
  2 frilled lizards
  6 rats
51 creatures vanquished.

Notes
Turn   | Place    | Note
-------+----------+-------------------------------------------
     0 | D:1      | grindst0ne the Octopode Earth Elementalist began the quest for the Orb.
     0 | D:1      | Reached XP level 1. HP: 11/11 MP: 3/3
   203 | D:1      | Reached skill level 3 in Stealth
   222 | D:1      | Reached XP level 2. HP: 14/17 MP: 0/5
   391 | D:1      | Learned a level 2 spell: Passwall
   910 | D:2      | Reached XP level 3. HP: 17/21 MP: 4/6
   952 | D:2      | Learned a level 3 spell: Stone Arrow
  1113 | D:2      | Found an ancient bone altar of Kikubaaqudgha.
  1249 | D:2      | Reached skill level 4 in Stealth
  1488 | D:3      | Reached XP level 4. HP: 19/27 MP: 7/7
  1727 | D:3      | Slain by an orc priest

Vault maps used:
D:1:      saegor_arrival_simple_a
D:2:      lemuel_crystal_altar

Skill      XL: |  1  2  3  4 |
---------------+-------------+-----
Stealth        | 3 4 |  4.2
Dodging        | 3 |  3.0
Shields        | |  0.4
Spellcasting   | |  2.0
Transmutations | |  1.0
Earth Magic    | |  3.8

Action                   |  1- 3 |  4- 6 || total
-------------------------+-------+-------++-------
Melee: Unarmed           |     3 |       ||     3
       Dagger            |    27 |    21 ||    48
       Constrict         |     9 |     6 ||    15
       Tentacles         |     3 |     4 ||     7
 Cast: Sandblast         |    45 |    12 ||    57
  Use: Potion            |       |     2 ||     2
 Stab: Sleeping          |     3 |       ||     3
  Eat: Chunk             |     2 |     1 ||     3
Armor: Skin              |     2 |     1 ||     3
Dodge: Dodged            |    31 |    17 ||    48
Block: Shield            |       |     8 ||     8

Table legend:
 A = Spawn XP
 B = Non-spawn XP
 C = Spawn XP percentage of total XP
 D = Spawn monster count
 E = Non-spawn monster count
 F = Spawn count percentage of total count
 G = Total turns spent on level
                    A         B        C        D         E        F      G
               +---------+---------+-------+---------+---------+-------+---------
         Total |       0 |     125 |   0.0 |       0 |      51 |   0.0 |  1727
               +---------+---------+-------+---------+---------+-------+---------
           D:1 |       0 |      25 |   0.0 |       0 |      15 |   0.0 |   824
           D:2 |       0 |      53 |   0.0 |       0 |      22 |   0.0 |   638
           D:3 |       0 |      47 |   0.0 |       0 |      14 |   0.0 |   265
               +---------+---------+-------+---------+---------+-------+---------
